 Dungeon Crawl Stone Soup version 0.23.2-33-g5129a83184 (webtiles) character file.

Game seed: 5508260166596944971

121 AarnesTheHuman the Covered (level 5, -2/43 HPs)
             Began as a Barachi Fighter on Aug 6, 2019.
             Was an Initiate of Sif Muna.
             Slain by an orc
             ... wielding a +0 trident
              (5 damage)
             ... on level 3 of the Dungeon.
             The game lasted 00:04:25 (2207 turns).

AarnesTheHuman the Covered (Barachi Fighter)        Turns: 2207, Time: 00:04:26

Health: -2/43      AC:  7    Str: 23    XL:     5   Next: 5%
Magic:  5/5        EV:  7    Int:  8    God:    Sif Muna [......]
Gold:   174        SH: 10    Dex: 12    Spells: 4/4 levels left

rFire    . . .     SeeInvis .   a - +0 long sword
rCold    . . .     Gourm    .   c - +0 shield
rNeg     . . .     Faith    .   b - +0 scale mail
rPois    .         Spirit   .   (no helmet)
rElec    .         Reflect  .   (no cloak)
rCorr    .         Harm     .   (no gloves)
MR       .....                  (no boots)
Stlth    ..........             (no amulet)
HPRegen  0.14/turn              (no ring)
MPRegen  0.09/turn              (no ring)

@: mighty, slow
A: +LOS, swims, slowness 1, strong legs 1
a: Hop, Renounce Religion


You were on level 3 of the Dungeon.
You worshipped Sif Muna.
Sif Muna was noncommittal.
You were hungry.

You visited 1 branch of the dungeon, and saw 3 of its levels.

You collected 174 gold pieces.

Inventory:

Hand Weapons
 a - a +0 long sword (weapon)
Armour
 b - a +0 scale mail (worn)
 c - a +0 shield (worn)
 e - a +0 helmet
 s - a +3 scale mail
Jewellery
 r - an uncursed amulet of regeneration {unknown}
 u - a cursed ring of teleportation {unknown}
Scrolls
 j - 3 scrolls of remove curse {unknown}
 n - a scroll of immolation {unknown}
 q - a scroll of identify {unknown}
Potions
 d - a potion of might
 h - a potion of berserk rage {unknown}
 i - 5 potions of lignification {unknown}
 k - 2 potions of agility {unknown}
 l - a potion of heal wounds {unknown}
 m - 2 potions of haste {unknown}
 o - a potion of flight {unknown}
 p - 2 potions of degeneration {unknown}
 t - a potion of brilliance {unknown}
Comestibles
 f - 7 rations
 g - a chunk of flesh


   Skills:
 + Level 4.5 Fighting
 + Level 3.7 Long Blades
 + Level 4.5 Armour
 + Level 4.1 Shields


You had 4 spell levels left.
You didn't know any spells.
Your spell library contained the following spells:

 Spells                   Type           Power        Failure   Level  Hunger
 Summon Butterflies       Summ           #.......     99%         1    ##.....


Dungeon Overview and Level Annotations

Branches:
Dungeon (3/15)

Altars:
Dithmenos
Kikubaaqudgha
Sif Muna
Vehumet
Wu Jian


Innate Abilities, Weirdness & Mutations

Shadows flee at your approach. (+LOS)
You can swim through water.
You cover ground slowly.
You can hop short distances.


Message History

You closely miss something.
You hear some strange, mumbled words.
A magic dart appears from out of thin air!
The magic dart hits you.
* * * LOW HITPOINT WARNING * * *
You hear some strange, mumbled words.
A puff of frost appears from out of thin air!
The puff of frost hits you.
* * * LOW HITPOINT WARNING * * *
You block the orc's attack.
You completely miss something.
Something hits you but does no damage. x2
The orc completely misses you.
You hear some strange, mumbled words.
A magic dart appears from out of thin air!
The magic dart hits you.
* * * LOW HITPOINT WARNING * * *
You feel very mighty all of a sudden. You block something's attack.
The orc hits you from afar with a +0 trident.
You die...

############ ...........#
##########.## #
###...#########
######...#.....@{o.#
#......#...#######.......#
#.#######.## .......# #.#
#.# .).....# ##.## #.#
....o).. #<#.## #.#
(...o... .###.#####.#
.r...o.. ## ##....#.#
........ .###.###.#.#
........


You could see an orc.

Vanquished Creatures
  5 adders
  2 worms (D:2)
  2 dart slugs (D:1)
  A leopard gecko (D:2)
  2 orcs (D:3)
  10 bats
  3 giant cockroaches (D:2)
  10 goblins
  5 hobgoblins
  5 jackals
  4 kobolds
  A quokka (D:3)
  4 frilled lizards
  8 rats
62 creatures vanquished.

Notes
Turn   | Place    | Note
-------+----------+-------------------------------------------
     0 | D:1      | AarnesTheHuman the Barachi Fighter began the quest for the
                  | Orb.
     0 | D:1      | Reached XP level 1. HP: 18/18 MP: 1/1
    75 | D:1      | You fall through a shaft!
    75 | D:2      | Found an ancient bone altar of Kikubaaqudgha.
    75 | D:2      | Found a radiant altar of Vehumet.
    77 | D:2      | Found a deep blue altar of Sif Muna.
    85 | D:2      | Reached XP level 2. HP: 25/25 MP: 2/2
    93 | D:2      | Identified Sif Muna's Papyrus of Summoning
   112 | D:2      | Became a worshipper of Sif Muna the Loreminder
   616 | D:1      | You fall through a shaft!
   630 | D:2      | Found an ornate altar of the Wu Jian Council.
   635 | D:2      | Reached XP level 3. HP: 29/30 MP: 3/3
  1459 | D:2      | Reached XP level 4. HP: 37/37 MP: 4/4
  1517 | D:2      | Found a shadowy altar of Dithmenos.
  2145 | D:3      | Reached XP level 5. HP: 43/43 MP: 5/5
  2206 | D:3      | HP: 2/43 [something/magic dart (2)]
  2207 | D:3      | Slain by an orc

Skill      XL: |  1  2  3  4 |
---------------+-------------+-----
Fighting       | 4 |  4.5
Armour         | 4 |  4.5
Long Blades    | 3 |  3.7
Shields        | 4 |  4.1

Action                   |  1- 3 |  4- 6 || total
-------------------------+-------+-------++-------
Melee: Long sword        |   138 |    82 ||   220
  Use: Potion            |       |     1 ||     1
  Eat: Chunk             |     3 |     2 ||     5
Armor: Scale mail        |    80 |    47 ||   127
Dodge: Dodged            |    43 |    28 ||    71
Block: Shield            |    76 |    42 ||   118
       Rpst.: Long sword |    15 |     6 ||    21
